Map: Ulrena

Players

Miltreta

  • Race: Terran Terran

ELITALIANO - Winner!

  • Race: Protoss Protoss
  • League: Silver

VOD

Have the link to the VOD?

Description

Time

  • Played on: March 9, 2016, 7:15 p.m.
  • Length: 11:50
Show
View Real Time Build Order
Export as new Build Order

Miltreta Terran 

Build Orders:  

Get SALT Encoding   

  12  0:01  SCV  
  13  0:13  SCV  
  14  0:26  Supply Depot  
  14  0:27  Refinery  
  14  0:41  SCV  
  15  0:53  Barracks  
  15  0:57  SCV  
  15  0:58  Supply Depot  
  16  1:09  SCV  
  17  1:25  SCV  
  18  1:38  Barracks  
  19  1:41  Orbital Command  
  18  1:53  Reaper  
  19  2:06  SCV  
  20  2:15  Engineering Bay  
  20  2:23  SCV  
  21  2:46  Marine  
  21  2:49  Barracks Tech Lab  
  22  2:51  Command Center  
  22  3:03  Refinery  
  22  3:07  Supply Depot  
  22  3:16  Marauder  
  22  3:18  Barracks Reactor  
  24  3:30  SCV  
  25  3:37  Marauder  
  27  3:42  SCV  
  28  3:54  Factory  
  28  3:58  Marine  
  28  4:00  Marine  
  30  4:05  Concussive Shells  
  30  4:12  SCV  
  30  4:16  Marine  
  32  4:18  Marine  
  33  4:24  SCV  
  33  4:26  Terran Infantry Weapons Level 1  
  33  4:27  Marauder  
  36  4:43  Orbital Command  
  36  4:52  Marine x2, Marauder  
  40  5:01  Factory Tech Lab, Starport  
  40  5:11  Barracks  
  40  5:13  Marauder  
  43  5:47  SCV  
  43  5:48  SCV  
  44  5:59  SCV  
  45  6:05  Marine  
  45  6:06  Marine  
  45  6:07  Marine  
  45  6:08  Marine  
  49  6:13  Widow Mine  
  51  6:24  Terran Infantry Armor Level 1  
  51  6:25  Medivac, Armory  
  53  6:39  Refinery, SCV  
  54  6:53  Supply Depot  
  54  6:57  Refinery, Supply Depot  
  54  7:05  Missile Turret  
  54  7:08  Sensor Tower  
  54  7:14  Medivac, Widow Mine, SCV  
  58  7:31  Marauder  
  58  7:34  SCV  
  61  7:42  Widow Mine  
  63  7:46  SCV  
  64  7:52  Marauder  
  64  7:53  Command Center  
  64  7:56  Supply Depot  
  67  7:58  SCV  
  67  8:02  Supply Depot  
  67  8:07  Supply Depot  
  67  8:10  SCV  
  67  8:11  Widow Mine  
  70  8:18  Marauder  
  72  8:40  Marauder  
  74  9:17  Marine x2  
  74  9:18  Marine x2  
  78  9:24  Supply Depot  
  52  10:24  Orbital Command  
  52  10:39  Engineering Bay  
  36  11:26  Marauder  
Show
View Real Time Build Order
Export as new Build Order

ELITALIANO Protoss - Winner!

Build Orders: 1 Gate Expand 

Get SALT Encoding   

  12  0:02  Probe (Chrono Boost)  
  13  0:13  Probe (Chrono Boost)  
  14  0:23  Pylon  
  14  0:28  Probe (Chrono Boost)  
  15  0:44  Gateway  
  15  0:48  Probe (Chrono Boost), Assimilator  
  16  0:59  Probe (Chrono Boost)  
  17  1:21  Probe (Chrono Boost)  
  18  1:36  Nexus  
  18  1:43  Probe (Chrono Boost)  
  19  1:47  Assimilator  
  19  1:50  Cybernetics Core  
  19  1:56  Probe (Chrono Boost)  
  19  2:00  Pylon  
  20  2:09  Probe (Chrono Boost)  
  21  2:17  Pylon  
  21  2:26  Probe (Chrono Boost)  
  21  2:27  Adept  
  24  2:35  Gateway  
  24  2:37  Warp Gate  
  24  2:39  Mothership Core (Chrono Boost)  
  26  2:48  Probe (Chrono Boost)  
  27  2:59  Probe (Chrono Boost)  
  27  3:00  Forge  
  27  3:05  Adept  
  30  3:09  Probe (Chrono Boost)  
  31  3:20  Probe (Chrono Boost)  
  31  3:25  Adept  
  34  3:39  Photon Cannon  
  34  3:42  Photon Cannon  
  34  3:48  Pylon  
  34  4:03  Stalker  
  34  4:04  Stalker  
  38  4:17  Gateway  
  38  4:22  Probe (Chrono Boost)  
  39  4:31  Assimilator  
  39  4:32  Probe (Chrono Boost)  
  40  4:43  Pylon, Probe (Chrono Boost)  
  41  4:48  Robotics Facility  
  41  4:52  Pylon  
  41  4:53  Probe (Chrono Boost)  
  42  5:04  Probe (Chrono Boost)  
  43  5:14  Probe (Chrono Boost)  
  44  5:22  Pylon  
  44  5:23  Stalker  
  44  5:24  Stalker  
  44  5:25  Stalker, Probe (Chrono Boost)  
  51  5:29  Pylon  
  51  5:39  Robotics Facility  
  51  5:44  Probe (Chrono Boost)  
  52  5:51  Stalker  
  52  5:54  Stalker  
  52  5:55  Probe (Chrono Boost)  
  57  5:59  Observer  
  58  6:07  Gateway  
  58  6:13  Twilight Council  
  58  6:17  Probe (Chrono Boost)  
  59  6:24  Assimilator  
  59  6:28  Probe x2 (Chrono Boost)  
  61  6:38  Probe (Chrono Boost)  
  61  6:39  Probe (Chrono Boost)  
  63  6:49  Probe x2 (Chrono Boost)  
  65  7:01  Dark Shrine  
  65  7:04  Pylon  
  65  7:07  Pylon, Stalker x2  
  65  7:08  Stalker  
  75  7:15  Immortal  
  75  7:16  Immortal  
  79  7:29  Pylon  
  79  7:30  Pylon, Probe (Chrono Boost)  
  80  7:41  Probe (Chrono Boost)  
  81  7:55  Robotics Bay  
  81  8:12  Warp Prism  
  83  8:17  Dark Templar x2  
  83  8:18  Dark Templar x2  
  91  8:23  Warp Prism  
  93  8:35  Probe (Chrono Boost)  
  94  8:45  Probe (Chrono Boost)  
  95  8:52  Dark Templar x4  
  103  8:56  Probe (Chrono Boost)  
  104  9:34  Stalker  
  104  9:35  Stalker x2  
  104  9:36  Stalker  
  92  10:02  Stalker  
  88  10:47  Stalker x3  
  88  10:48  Stalker  
  75  11:46  Stalker  
  75  11:47  Stalker x3  
Tags
 
Add a new tag
Caveats
  • Supply blocks, unpowered buildings, or Contaminate may cause inaccurate times.
  • Supply counts are checked every 10 seconds.